 Dungeon Crawl Stone Soup version 0.21.1-1-g345015f (webtiles) character file.

6115 inc the Magician (level 10, -3/75 HPs)
             Began as a Gnoll Air Elementalist on June 8, 2018.
             Was an Elder of Okawaru.
             Slain by a yak (10 damage)
             ... on level 10 of the Dungeon.
             The game lasted 00:24:55 (8881 turns).

inc the Magician (Gnoll Air Elementalist)           Turns: 8881, Time: 00:24:56

Health: -3/75      AC:  8    Str: 11    XL:     10   Next: 89%
Magic:  5/21       EV: 14    Int: 21    God:    Okawaru [****..]
Gold:   267        SH:  0    Dex: 15    Spells: 12/24 levels left

rFire    . . .     SeeInvis .   U - +2 falchion (holy)
rCold    + . .     Gourm    .   (no shield)
rNeg     + . .     Faith    .   y - +2 ring mail {rN+}
rPois    .         Spirit   .   (no helmet)
rElec    .         Reflect  .   (no cloak)
rCorr    .         Harm     .   (no gloves)
MR       .....                  (no boots)
Stlth    +++.......             n - amulet of regeneration
HPRegen  0.62/turn              w - ring of protection from cold
MPRegen  0.17/turn              (no ring)

@: no status effects
A: distributed training, fangs 1, strong nose
a: Heroism, Renounce Religion


You were on level 10 of the Dungeon.
You worshipped Okawaru.
Okawaru was greatly pleased with you.
You were not hungry.

You visited 1 branch of the dungeon, and saw 10 of its levels.

You collected 531 gold pieces.
You spent 264 gold pieces at shops.

Inventory:

Hand Weapons
 a - a +0 mace
 b - a +0 shortbow
 U - a +2 falchion of holy wrath (weapon)
Missiles
 N - 96 arrows
Armour
 d - a +0 robe
 q - a +0 ring mail
 r - a +0 troll leather armour
 y - a +2 ring mail of positive energy (worn)
Jewellery
 n - an amulet of regeneration (around neck)
 w - a ring of protection from cold (left hand)
 P - an uncursed ring of magical power {unknown}
Wands
 v - a wand of random effects (31)
 A - a wand of digging (23)
 C - a wand of polymorph (18)
 J - a wand of enslavement (13)
 S - a wand of scattershot (4)
Scrolls
 f - 4 scrolls of immolation {unknown}
 g - 11 scrolls of identify {unknown}
 h - 2 scrolls of noise {unknown}
 k - a scroll of random uselessness {unknown}
 m - 4 scrolls of enchant armour {unknown}
 o - 5 scrolls of teleportation {unknown}
 p - 2 scrolls of remove curse {unknown}
 B - 2 scrolls of enchant weapon {unknown}
 D - a scroll of magic mapping {unknown}
 L - a scroll of torment {unknown}
 T - a scroll of vulnerability {unknown}
Potions
 e - a potion of agility {unknown}
 i - 4 potions of haste
 j - 4 potions of curing
 l - a potion of degeneration {unknown}
 s - 2 potions of heal wounds
 t - a potion of berserk rage {unknown}
 u - 2 potions of invisibility
 x - 2 potions of flight {unknown}
 z - 4 potions of lignification {unknown}
 F - a potion of brilliance {unknown}
 I - a potion of magic {unknown}
 O - a potion of mutation
 Q - 2 potions of might {unknown}
Books
 E - a book of Battle

   Spells                             Type                      Level
   a - Infusion                       Charms                       1
   b - Shroud of Golubria             Charms/Translocation         2
   c - Song of Slaying                Charms                       2
   d - Spectral Weapon                Hexes/Charms                 3
   e - Regeneration                   Charms/Necromancy            3
 G - a book of Cantrips

   Spells                             Type                      Level
   a - Confusing Touch                Hexes                        1
   b - Animate Skeleton               Necromancy                   1
   c - Summon Small Mammal            Summoning                    1
   d - Apportation                    Translocation                1
 H - a book of Minor Magic

   Spells                             Type                      Level
   a - Magic Dart                     Conjuration                  1
   b - Blink                          Translocation                2
   c - Call Imp                       Summoning                    2
   d - Slow                           Hexes                        2
   e - Conjure Flame                  Conjuration/Fire             3
   f - Mephitic Cloud                 Conjuration/Poison/Air       3
 K - a book of Cantrips

   Spells                             Type                      Level
   a - Confusing Touch                Hexes                        1
   b - Animate Skeleton               Necromancy                   1
   c - Summon Small Mammal            Summoning                    1
   d - Apportation                    Translocation                1
 M - a book of Air

   Spells                             Type                      Level
   a - Shock                          Conjuration/Air              1
   b - Swiftness                      Charms/Air                   2
   c - Static Discharge               Conjuration/Air              3
   d - Airstrike                      Air                          4
   e - Lightning Bolt                 Conjuration/Air              5
 R - a book of Misfortune

   Spells                             Type                      Level
   a - Confusing Touch                Hexes                        1
   b - Confuse                        Hexes                        3
   c - Gell's Gravitas                Translocation                3
   d - Petrify                        Transmutation/Earth          4
   e - Metabolic Englaciation         Hexes/Ice                    5
   f - Yara's Violent Unravelling     Hexes/Transmutation          5
Comestibles
 c - 10 rations


   Skills:
 + Level 5.6 Fighting
 + Level 5.6 Short Blades
 + Level 5.6 Long Blades
 + Level 5.6 Axes
 + Level 5.6 Maces & Flails
 + Level 5.6 Polearms
 + Level 5.6 Staves
 + Level 5.6 Slings
 + Level 5.6 Bows
 + Level 5.6 Crossbows
 + Level 5.6 Throwing
 + Level 5.6 Armour
 + Level 7.3 Dodging
 + Level 7.1 Stealth
 + Level 5.6 Shields
 + Level 5.6 Unarmed Combat
 + Level 7.6 Spellcasting
 + Level 5.1 Conjurations
 + Level 4.6 Hexes
 + Level 4.6 Charms
 + Level 4.6 Summonings
 + Level 4.6 Necromancy
 + Level 4.6 Translocations
 + Level 4.6 Transmutations
 + Level 4.6 Fire Magic
 + Level 4.6 Ice Magic
 + Level 7.2 Air Magic
 + Level 4.6 Earth Magic
 + Level 4.6 Poison Magic
 + Level 6.1 Invocations
 + Level 5.6 Evocations


You had 12 spell levels left.
You knew the following spells:

 Your Spells              Type           Power        Failure   Level  Hunger
a - Shock                 Conj/Air       ####         1%          1    None
b - Swiftness             Chrm/Air       ####....     2%          2    None
c - Blink                 Tloc           N/A          4%          2    None
d - Mephitic Cloud        Conj/Pois/Air  ####....     5%          3    None
e - Airstrike             Air            #####.....   9%          4    ###....


Dungeon Overview and Level Annotations

Branches:
Dungeon (10/15)            Temple (0/1) D:7
   Lair: D:8-11         Orc: D:9-12

Altars:
Ashenzari
Cheibriados
Kikubaaqudgha
Makhleb
Okawaru
Sif Muna
Zin

Shops:
D:7 !(((

Annotations:
D:3 inc's ghost, amateur GnWr
D:7 Alter's ghost, novice GrCK


Innate Abilities, Weirdness & Mutations

Your experience applies equally to all skills.
You have very sharp teeth.
Your uncanny sense of smell can sniff out nearby items.


Message History

You kill the yak!
Okawaru accepts your kill.
You completely miss the yak. The yak barely misses you.
You riposte.
You hit the yak.
The yak is lightly wounded.
You hit the yak.
The yak is moderately wounded.
The yak gores you.
* * * LOW HITPOINT WARNING * * *
You hit the yak.
The yak is heavily wounded.
You closely miss the yak. You punch the yak.
The yak is heavily wounded.
You feel like a meek peon again. The yak gores you!
* * * LOW HITPOINT WARNING * * *
You barely miss the yak. You bite the yak, but do no damage.
The yak is heavily wounded.
The yak gores you!
You die...

# # # #
##################
.................#
################.#
#(# #@# #Y#
########.#
.......#.#
.......#.#
..Y....#.#
.....Y.#.#
.......#.#
.........#


You could see a yak.

Vanquished Creatures
  A two-headed ogre (D:8)
  A hippogriff (D:7)
  A shadow (D:9)
  2 wraiths (D:10)
  3 yaks (D:10)
  3 hungry ghosts (D:7)
  2 orc warriors
  An ice beast (D:5)
  A sky beast (D:6)
  A black bear (D:9)
  3 ogres
  2 centaurs (D:6)
  A crocodile (D:7)
  2 wyvern zombies
  3 bullfrogs
  A wyvern skeleton (D:7)
  2 scorpions
  12 killer bees
  5 jellies
  6 howler monkeys
  7 crimson imps
  A quasit (D:9)
  2 bullfrog zombies
  3 hounds
  3 centaur skeletons (D:10)
  5 orc priests
  2 bullfrog skeletons
  5 iguanas
  Ijyb (D:5)
  An orc wizard (D:9)
  4 worker ants
  2 hound skeletons (D:10)
  A worker ant zombie (D:10)
  A howler monkey zombie (D:10)
  4 gnolls (D:7)
  11 adders
  A shadow imp (D:10)
  3 adder skeletons
  A worm (D:2)
  4 dart slugs
  8 leopard geckos
  21 orcs
  A ball python (D:4)
  3 bats
  3 giant cockroaches
  9 goblins
  6 hobgoblins
  7 jackals (D:1)
  8 kobolds (D:1)
  2 quokkas
  2 frilled lizards
  7 rats
  A fungus (D:4)
193 creatures vanquished.

Notes
Turn   | Place    | Note
-------+----------+-------------------------------------------
     0 | D:1      | inc the Gnoll Air Elementalist began the quest for the Orb.
     0 | D:1      | Reached XP level 1. HP: 13/13 MP: 6/6
    76 | D:1      | Reached XP level 2. HP: 16/19 MP: 3/7
   358 | D:1      | Reached XP level 3. HP: 19/25 MP: 1/9
   514 | D:1      | Reached skill level 5 in Spellcasting
   732 | D:1      | Reached skill level 1 in Invocations
   920 | D:1      | Reached skill level 1 in Fighting
   920 | D:1      | Reached skill level 1 in Short Blades
   920 | D:1      | Reached skill level 1 in Long Blades
   920 | D:1      | Reached skill level 1 in Axes
   920 | D:1      | Reached skill level 1 in Maces & Flails
   920 | D:1      | Reached skill level 1 in Polearms
   920 | D:1      | Reached skill level 1 in Staves
   920 | D:1      | Reached skill level 1 in Slings
   920 | D:1      | Reached skill level 1 in Bows
   920 | D:1      | Reached skill level 1 in Crossbows
   920 | D:1      | Reached skill level 1 in Throwing
   920 | D:1      | Reached skill level 1 in Armour
   920 | D:1      | Reached skill level 1 in Shields
   920 | D:1      | Reached skill level 1 in Unarmed Combat
   920 | D:1      | Reached skill level 1 in Evocations
  1194 | D:1      | Reached XP level 4. HP: 32/32 MP: 8/11
  1911 | D:3      | Noticed inc's ghost (amateur GnWr)
  2082 | D:4      | Reached skill level 1 in Hexes
  2082 | D:4      | Reached skill level 1 in Charms
  2082 | D:4      | Reached skill level 1 in Summonings
  2082 | D:4      | Reached skill level 1 in Necromancy
  2082 | D:4      | Reached skill level 1 in Translocations
  2082 | D:4      | Reached skill level 1 in Transmutations
  2082 | D:4      | Reached skill level 1 in Fire Magic
  2082 | D:4      | Reached skill level 1 in Ice Magic
  2082 | D:4      | Reached skill level 1 in Earth Magic
  2082 | D:4      | Reached skill level 1 in Poison Magic
  2485 | D:4      | Reached XP level 5. HP: 37/37 MP: 4/12
  2555 | D:4      | Noticed a phantom
  2591 | D:5      | Entered Level 5 of the Dungeon
  2591 | D:5      | Noticed Ijyb
  2708 | D:5      | Killed Ijyb
  2799 | D:5      | Noticed an ice beast
  2813 | D:5      | Killed an ice beast
  2813 | D:5      | Reached XP level 6. HP: 37/44 MP: 7/13
  2835 | D:5      | Reached skill level 5 in Dodging
  2980 | D:5      | Learned a level 2 spell: Swiftness
  3185 | D:5      | Reached XP level 7. HP: 49/50 MP: 7/15
  3334 | D:5      | Found a deep blue altar of Sif Muna.
  3507 | D:5      | Found a deep blue altar of Sif Muna.
  3934 | D:6      | HP: 2/51 [orc warrior/trident (17)]
  3936 | D:6      | Reached skill level 5 in Stealth
  4190 | D:6      | Reached XP level 8. HP: 50/57 MP: 11/16
  4416 | D:6      | Learned a level 2 spell: Blink
  4420 | D:6      | Learned a level 3 spell: Mephitic Cloud
  4437 | D:6      | Found an iron altar of Okawaru.
  4461 | D:6      | Became a worshipper of Warmaster Okawaru
  5304 | D:7      | Found Zuadas's Weapon Shop.
  5334 | D:7      | Found Kocucz Gooh's Distillery.
  5342 | D:7      | Bought a potion of heal wounds for 55 gold pieces
  5342 | D:7      | Bought a potion of mutation for 88 gold pieces
  5342 | D:7      | Bought a potion of invisibility for 88 gold pieces
  5342 | D:7      | Bought a potion of curing for 33 gold pieces
  5378 | D:7      | Reached * piety under Okawaru
  5379 | D:7      | Reached XP level 9. HP: 53/65 MP: 9/18
  5609 | D:7      | Noticed Alter's ghost (novice GrCK)
  5867 | D:7      | Found a staircase to the Ecumenical Temple.
  5877 | D:7      | Reached ** piety under Okawaru
  5883 | D:7      | Learned a level 4 spell: Airstrike
  5927 | D:7      | Found Deiverou's Weapon Shop.
  5945 | D:7      | Found Kiumol's Antique Weapon Boutique.
  6602 | D:8      | Noticed a two-headed ogre
  6618 | D:8      | Killed a two-headed ogre
  6618 | D:8      | Reached skill level 5 in Invocations
  7151 | D:9      | Reached XP level 10. HP: 73/73 MP: 15/20
  7280 | D:9      | Reached *** piety under Okawaru
  7509 | D:9      | Found a burning altar of Makhleb.
  7650 | D:9      | Reached skill level 5 in Fighting
  7650 | D:9      | Reached skill level 5 in Short Blades
  7650 | D:9      | Reached skill level 5 in Long Blades
  7650 | D:9      | Reached skill level 5 in Axes
  7650 | D:9      | Reached skill level 5 in Maces & Flails
  7650 | D:9      | Reached skill level 5 in Polearms
  7650 | D:9      | Reached skill level 5 in Staves
  7650 | D:9      | Reached skill level 5 in Slings
  7650 | D:9      | Reached skill level 5 in Bows
  7650 | D:9      | Reached skill level 5 in Crossbows
  7650 | D:9      | Reached skill level 5 in Throwing
  7650 | D:9      | Reached skill level 5 in Armour
  7650 | D:9      | Reached skill level 5 in Shields
  7650 | D:9      | Reached skill level 5 in Unarmed Combat
  7650 | D:9      | Reached skill level 5 in Evocations
  7968 | D:9      | Found an ancient bone altar of Kikubaaqudgha.
  7968 | D:9      | Found a snail-covered altar of Cheibriados.
  7974 | D:9      | Found a glowing silver altar of Zin.
  7976 | D:9      | Found a shattered altar of Ashenzari.
  7978 | D:9      | Found a faded altar of an unknown god.
  8013 | D:10     | Entered Level 10 of the Dungeon
  8557 | D:10     | Reached skill level 5 in Conjurations
  8628 | D:10     | Reached **** piety under Okawaru
  8869 | D:10     | Received a gift from Okawaru
  8881 | D:10     | Slain by a yak

Skill      XL: |  1  2  3  4  5  6  7  8  9 10 |
---------------+-------------------------------+-----
Conjurations   | 2 3 4 5 |  5.1
Spellcasting   | 5 6 7 |  7.6
Invocations    | 1 2 3 4 5 6 |  6.1
Fighting       | 1 2 3 4 5 |  5.6
Short Blades   | 1 2 3 4 5 |  5.6
Long Blades    | 1 2 3 4 5 |  5.6
Axes           | 1 2 3 4 5 |  5.6
Maces & Flails | 1 2 3 4 5 |  5.6
Polearms       | 1 2 3 4 5 |  5.6
Staves         | 1 2 3 4 5 |  5.6
Slings         | 1 2 3 4 5 |  5.6
Bows           | 1 2 3 4 5 |  5.6
Crossbows      | 1 2 3 4 5 |  5.6
Throwing       | 1 2 3 4 5 |  5.6
Armour         | 1 2 3 4 5 |  5.6
Shields        | 1 2 3 4 5 |  5.6
Unarmed Combat | 1 2 3 4 5 |  5.6
Evocations     | 1 2 3 4 5 |  5.6
Hexes          | 1 2 3 4 |  4.6
Charms         | 1 2 3 4 |  4.6
Summonings     | 1 2 3 4 |  4.6
Necromancy     | 1 2 3 4 |  4.6
Translocations | 1 2 3 4 |  4.6
Transmutations | 1 2 3 4 |  4.6
Fire Magic     | 1 2 3 4 |  4.6
Ice Magic      | 1 2 3 4 |  4.6
Earth Magic    | 1 2 3 4 |  4.6
Poison Magic   | 1 2 3 4 |  4.6
Dodging        | 5 6 7 |  7.3
Stealth        | 5 6 7 |  7.1
Air Magic      | 6 7 |  7.2

Action                   |  1- 3 |  4- 6 |  7- 9 | 10-12 || total
-------------------------+-------+-------+-------+-------++-------
Melee: Mace              |    13 |    29 |    90 |     9 ||   141
       Bite              |     1 |     4 |     7 |    12 ||    24
       Punch             |     1 |       |     1 |     8 ||    10
       Falchion          |       |       |       |   104 ||   104
 Cast: Shock             |    73 |   136 |   251 |   121 ||   581
       Airstrike         |       |       |     1 |    20 ||    21
       Mephitic Cloud    |       |       |     1 |     1 ||     2
       Swiftness         |       |       |     1 |     1 ||     2
       Blink             |       |       |     1 |       ||     1
Invok: Heroism           |       |       |       |     3 ||     3
  Use: Potion            |       |       |     1 |     1 ||     2
 Stab: Sleeping          |       |       |     2 |       ||     2
       Confused          |       |       |     1 |       ||     1
  Eat: Chunk             |     1 |     5 |    10 |     1 ||    17
       Ration            |       |       |     2 |     2 ||     4
Armor: Robe              |     1 |       |       |       ||     1
       Ring mail         |       |     9 |    58 |    48 ||   115
Dodge: Dodged            |    27 |    27 |   136 |   101 ||   291
       Rpst.: Falchion   |       |       |       |    25 ||    25
